 Dungeon Crawl Stone Soup version 0.23-a0-164-g7711e57 (webtiles) character file.

16 Amnesiac the Chiller (level 2, -2/19 HPs)
             Began as a Mummy Ice Elementalist on Sept 9, 2018.
             Slain by a worker ant (3 damage)
             ... on level 4 of the Dungeon.
             The game lasted 00:01:34 (648 turns).

Amnesiac the Chiller (Mummy Ice Elementalist)        Turns: 648, Time: 00:01:34

Health: -2/19      AC:  5    Str: 11    XL:     2   Next: 41%
Magic:  0/6        EV: 10    Int: 14    God:
Gold:   48         SH:  0    Dex: 12    Spells: 6/7 levels left

rFire    x . .     SeeInvis .   g - +0 quarterstaff
rCold    + . .     Gourm    .   (shield currently unavailable)
rNeg     + + +     Faith    .   b - +0 ring mail (curse)
rPois    ∞         Spirit   .   (no helmet)
rElec    .         Reflect  .   (no cloak)
rCorr    .         Harm     .   (no gloves)
MR       .....                  (no boots)
Stlth    +.........             (no amulet)
HPRegen  0.06/turn              (no ring)
MPRegen  0.10/turn              (no ring)

@: very slightly contaminated
A: no food or potions, fire vulnerability, cold resistance 1, negative energy
resistance 3, torment resistance, unbreathing
a: no special abilities


You were on level 4 of the Dungeon.
You were not hungry.

You visited 1 branch of the dungeon, and saw 4 of its levels.

You collected 48 gold pieces.

Inventory:

Hand Weapons
 g - a +0 quarterstaff (weapon)
Armour
 a - a +0 robe
 b - a cursed +0 ring mail (worn)
 h - a +0 leather armour


   Skills:
 - Level 1.5 Dodging
 - Level 1.5 Stealth
 + Level 3.0 Spellcasting
   Level 0.7 Conjurations
 * Level 3.0 Ice Magic


You had 6 spell levels left.
You knew the following spells:

 Your Spells              Type           Power        Failure   Level  Hunger
a - Freeze                Ice            ##..         16%         1    N/A

Your spell library contained the following spells:

 Spells                   Type           Power        Failure   Level  Hunger
 Throw Frost              Conj/Ice       #.....       36%         2    N/A
 Ozocubu's Armour         Chrm/Ice       #.......     63%         3    N/A
 Throw Icicle             Conj/Ice       #.......     94%         4    N/A
 Summon Ice Beast         Ice/Summ       #.......     95%         4    N/A

Dungeon Overview and Level Annotations

Branches:
Dungeon (4/15)
 Temple: D:4-7

Altars:

Annotations:
D:4 exclusion: ogre


Innate Abilities, Weirdness & Mutations

You do not eat or drink.
Your flesh is vulnerable to fire.
You are immune to poison.
Your flesh is cold resistant. (rC+)
You are immune to negative energy. (rN+++)
You are immune to unholy pain and torment.
You can survive without breathing.


Message History

Aim: a worker ant (lightly wounded)
You freeze the worker ant.
The worker ant is lightly wounded.
The worker ant bites you.
The worker ant bites you but does no damage.
Casting: Freeze (safe; 16% risk of failure)
Confirm with . or Enter, or press ? or * to list all spells.
Aiming: Freeze (safe; 16% risk of failure)
Press: ? - help, Shift-Dir - straight line, f/p - worker ant
Aim: a worker ant (lightly wounded)
You freeze the worker ant.
The worker ant is moderately wounded.
The worker ant completely misses you.
Casting: Freeze (safe; 16% risk of failure)
Confirm with . or Enter, or press ? or * to list all spells.
Aiming: Freeze (safe; 16% risk of failure)
Press: ? - help, Shift-Dir - straight line, f/p - worker ant
Aim: a worker ant (moderately wounded)
You freeze the worker ant.
The worker ant is heavily wounded.
The worker ant closely misses you.
Casting: Freeze (safe; 16% risk of failure)
Confirm with . or Enter, or press ? or * to list all spells.
You don't have enough magic to cast that spell.
Casting: Freeze (safe; 16% risk of failure)
Confirm with . or Enter, or press ? or * to list all spells.
You don't have enough magic to cast that spell.
You hit the worker ant but do no damage.
The worker ant is heavily wounded.
The worker ant barely misses you. The worker ant bites you.
You hit the worker ant.
The worker ant is heavily wounded.
The worker ant bites you.
* * * LOW HITPOINT WARNING * * *
You closely miss the worker ant.
The worker ant is heavily wounded.
The worker ant waves its antennae.
The worker ant bites you.
* * * LOW HITPOINT WARNING * * *
The worker ant bites you but does no damage.
Casting: Freeze (safe; 16% risk of failure)
Confirm with . or Enter, or press ? or * to list all spells.
Aiming: Freeze (safe; 16% risk of failure)
Press: ? - help, Shift-Dir - straight line, f/p - worker ant
Aim: a worker ant (heavily wounded)
You freeze the worker ant.
The worker ant is severely wounded.
The worker ant waves its antennae.
The worker ant bites you but does no damage.
Unknown command.
You hit the worker ant.
The worker ant is severely wounded.
The worker ant barely misses you.
You barely miss the worker ant.
The worker ant is severely wounded.
The worker ant bites you.
* * * LOW HITPOINT WARNING * * *
The worker ant bites you.
* * * LOW HITPOINT WARNING * * *
Unknown command.
You closely miss the worker ant.
The worker ant is severely wounded.
The worker ant bites you.
You die...

#.# #.#
#.## ...
#.. #.###
#...#.#
#@....#
#.a.#.###
##... #
#####


You could see a worker ant.

Vanquished Creatures
  An adder (D:3)
  2 goblins (D:3)
  2 hobgoblins (D:1)
  A frilled lizard (D:1)
  2 kobolds
8 creatures vanquished.

Notes
Turn   | Place    | Note
-------+----------+-------------------------------------------
     0 | D:1      | Amnesiac the Mummy Ice Elementalist began the quest for the
                  | Orb.
     0 | D:1      | Reached XP level 1. HP: 13/13 MP: 4/4
   264 | D:4      | Noticed an ogre
   585 | D:3      | Reached XP level 2. HP: 19/19 MP: 1/6
   648 | D:4      | Slain by a worker ant

Vault maps used:
D:1:      saegor_arrival_simple_c, corexii_leaking_fountain, minmay_tromino_v4_c
D:2:      makhleb_grotto_becter, overflow_temple_1_default, first_ration,
          uniq_jessica
D:3:      minitemple, grunt_ministairs_7, uniq_grinder
D:4:      minmay_temple_entry_junction, ebering_ghost_rock_garden,
          uniq_crazy_yiuf_cottage, uniq_edmund

Skill      XL: |  1 |
---------------+----+-----
Spellcasting   | 3 |  3.0
Ice Magic      | 3 |  3.0
Dodging        | |  1.5
Stealth        | |  1.5
Conjurations   | |  0.7

Action                   || total
-------------------------++-------
Melee: Spear             ||     3
       Quarterstaff      ||     6
 Cast: Freeze            ||    18
  Use: Scroll            ||     4
Armor: Robe              ||     3
       Ring mail         ||     7
Dodge: Dodged            ||    11

Table legend:
 A = Non-vault XP
 B = Vault XP
 C = Vault XP percentage of total XP
 D = Non-vault monster count
 E = Vault monster count
 F = Vault count percentage of total count
                 A         B        C        D         E       F
            +---------+---------+-------+---------+---------+-------
      Total |      24 |       0 |   0.0 |       8 |       0 |   0.0
            +---------+---------+-------+---------+---------+-------
        D:1 |       6 |       0 |   0.0 |       4 |       0 |   0.0
        D:2 |       1 |       0 |   0.0 |       1 |       0 |   0.0
        D:3 |      17 |       0 |   0.0 |       3 |       0 |   0.0
            +---------+---------+-------+---------+---------+-------
